 Dungeon Crawl Stone Soup version 0.20.1-1-g8b1a95d66d (webtiles) character file.

19619 meguca the Basher (level 12, -5/112 HPs)
             Began as a Minotaur Berserker on Nov 25, 2017.
             Was a High Priest of Trog.
             Slain by a thrashing horror (11 damage)
             ... on level 1 of the Abyss.
             The game lasted 00:56:06 (11483 turns).

meguca the Basher (Minotaur Berserker)             Turns: 11483, Time: 00:56:06

Health: -5/112     AC: 20    Str: 31    XL:     12   Next: 38%
Magic:  11/11      EV: 13    Int:  5    God:    Trog [*****.]
Gold:   761        SH: 14    Dex: 15    Spells: 11/11 levels left

rFire    . . .     SeeInvis .   d - +1 flail (pain)
rCold    . . .     Gourm    .   N - +0 shield
rNeg     . . .     Faith    .   y - +1 plate armour
rPois    .         Spirit   .   (helmet restricted)
rElec    .         Reflect  +   X - +0 cloak
rCorr    +         Harm     .   j - +0 pair of gloves
MR       .....                  C - +0 pair of boots
Stlth    ..........             m - +2 amulet of reflection
Regen    0.3/turn               x - ring of resist corrosion
MPRegen  0.2/turn               g - +5 ring of dexterity

@: mighty, berserk cooldown
A: retaliatory headbutt, horns 2
a: Berserk, Trog's Hand, Brothers in Arms, Burn Spellbooks, Renounce Religion


You were on level 1 of the Abyss.
You worshipped Trog.
Trog was extremely pleased with you.
You were not hungry.

You visited 1 branch of the dungeon, and saw 11 of its levels.
You visited the Abyss 1 time.

You collected 761 gold pieces.

Inventory:

Hand Weapons
 a - the +3 great mace "Paynt" {vamp, Fragile rPois Int+5 SInv, unknown}
   (Trog gifted it to you on level 9 of the Dungeon)

   It inflicts no extra harm, but heals its wielder when it wounds a living foe.
   It affects your intelligence (+5).
   It protects you from poison.
   It lets you see invisible.
   It will be destroyed if unequipped.
 d - a +1 flail of pain (weapon)
 f - a +1 demon trident of pain
 q - a +4 blowgun
 u - a +1 great mace of holy wrath
 I - a +0 blowgun
 O - a +2 whip of flaming
Missiles
 L - 12 curare-tipped needles
Armour
 j - a +0 pair of gloves (worn)
 y - a +1 plate armour (worn)
 C - a +0 pair of boots (worn)
 N - a +0 shield (worn)
 W - a +0 cloak
 X - a +0 cloak (worn)
Jewellery
 g - a +5 ring of dexterity (right hand)
 m - a +2 amulet of reflection (around neck)
 x - a ring of resist corrosion (left hand)
 V - an uncursed ring of protection from fire {unknown}
Wands
 l - a wand of disintegration (7/24)
 A - a wand of polymorph (14/24)
 F - a wand of paralysis (13/24)
 G - a wand of random effects (14/48)
 R - a wand of disintegration (8/24)
 T - a wand of lightning (6/15)
 U - a wand of disintegration (6/24)
Scrolls
 e - 4 scrolls of remove curse
 h - a scroll of enchant armour
 n - a scroll of immolation {unknown}
 r - 3 scrolls of enchant weapon
 s - a scroll of fog
 t - 3 scrolls of random uselessness
 v - a scroll of fear {unknown}
 w - 6 scrolls of teleportation
 B - 4 scrolls of amnesia
 H - a scroll of blinking
 M - a scroll of identify
 Z - a scroll of vulnerability {unknown}
Potions
 o - a potion of might
 p - 5 potions of flight
 J - a potion of magic
 Q - a potion of agility
Books
 b - a book of Minor Magic

   Spells                             Type                      Level
   a - Magic Dart                     Conjuration                  1
   b - Blink                          Translocation                2
   c - Call Imp                       Summoning                    2
   d - Slow                           Hexes                        2
   e - Conjure Flame                  Conjuration/Fire             3
   f - Mephitic Cloud                 Conjuration/Poison/Air       3
   Trog disapproves of the use of such an item.
Comestibles
 c - 12 bread rations
 i - 2 meat rations
 k - 4 royal jellies
 z - 5 fruits


   Skills:
 + Level 12.0 Fighting
 + Level 12.0 Maces & Flails
 + Level 11.8 Armour
 + Level 11.2 Dodging
 + Level 7.8 Shields


You had 11 spell levels left.
You didn't know any spells.

Dungeon Overview and Level Annotations

Branches:
Dungeon (11/15)            Temple (0/1) D:4            Lair (0/6) D:9
    Orc (0/2) D:9

Altars:
Ashenzari
Cheibriados
Gozag
Hepliaklqana
Makhleb
Nemelex Xobeh
Beogh

Shops:
D:7 (

Annotations:
D:11 Erolcha


Innate Abilities, Weirdness & Mutations

You reflexively headbutt those who attack you in melee.
You have a pair of horns on your head.


Message History

Your Maces & Flails skill increases to level 12!
You feel yourself speed up.
A thrashing horror comes into view.
The thrashing horror roars!
A small abomination comes into view.
The thrashing horror tramples you.
* * * LOW HITPOINT WARNING * * *
You hold your ground!
You block the thrashing horror's attack.
You sock the thrashing horror!
The thrashing horror is moderately damaged.
The thrashing horror tramples you but does no damage.
The thrashing horror tramples you.
* * * LOW HITPOINT WARNING * * *
You hold your ground!
Unknown command.
The thrashing horror roars!
You block the thrashing horror's attack. x2
The thrashing horror tramples you!
You die...

#.# ... . . #.#
### ### ...
###.### # #.#
##..#.w..## #
##.####.# ##...
..##
###.....####..
#...#
#...#.##.(......
#
#..#X@#.#...##.
# #.#..##
###..#.# #.##..
## # .... . ..
##.##.. .# ##.
.. ##.## . .##
#.. ## . . . .
#. . # # . .# .#
. # .


You could see a thrashing horror.

Vanquished Creatures
  A tentacled starspawn (Abyss:1)
  Gastronok (D:8)
  2 two-headed ogres
  Nergalle (D:10)
  A large abomination (Abyss:1)
  3 unseen horrors
  Pikel (D:7)
  3 starcursed masses (Abyss:1)
  Maurice (D:8)
  A gargoyle (D:10)
  A smoke demon (Abyss:1)
  8 orange demons
  An ancient zyme (Abyss:1)
  3 red devils
  3 trolls
  Prince Ribbit (D:9)
  A hippogriff (D:11)
  Sigmund (D:6)
  A spriggan (D:7)
  A ynoxinul (Abyss:1)
  A wraith (D:11)
  Grum (D:9)
  2 hungry ghosts (D:9)
  7 orc warriors
  3 sky beasts
  4 ice beasts
  A black bear (D:8)
  3 ogres
  3 phantoms
  2 small abominations (Abyss:1)
  A necrophage (D:11)
  4 wolves (D:9)
  3 centaurs
  4 bullfrogs
  A water moccasin zombie (D:10)
  A scorpion (D:8)
  3 wights (D:11)
  2 howler monkeys
  2 crimson imps (D:5)
  2 bullfrog zombies
  6 jellies
  4 hounds
  6 centaur skeletons
  5 orc priests
  12 orc wizards
  Natasha (D:2)
  9 worker ants
  An iguana (D:9)
  A killer bee zombie (D:5)
  A hound zombie (D:6)
  A hound skeleton (D:11)
  A worker ant zombie (D:9)
  8 adders
  2 river rats (D:6)
  A shadow imp (D:9)
  An ufetubus (Abyss:1)
  2 oozes
  An adder zombie (D:7)
  2 worms
  2 dart slugs
  8 leopard geckos
  65 orcs
  6 bats
  5 giant cockroaches
  8 goblins
  8 hobgoblins
  7 jackals
  6 quokkas
  2 ball pythons
  6 frilled lizards
  A giant cockroach zombie (D:5)
  A jackal skeleton (D:5)
  4 kobolds
  2 quokka skeletons
  A quokka zombie (D:8)
  8 rats
291 creatures vanquished.

Vanquished Creatures (others)
  Sonja (D:11)
  A centaur (D:10)
  A crimson imp (D:7)
  4 starspawn tentacles (Abyss:1)
7 creatures vanquished.

Grand Total: 298 creatures vanquished

Notes
Turn   | Place    | Note
-------+----------+-------------------------------------------
     0 | D:1      | meguca the Minotaur Berserker began the quest for the Orb.
     0 | D:1      | Reached XP level 1. HP: 19/19 MP: 0/0
   648 | D:1      | Reached XP level 2. HP: 22/27 MP: 1/1
   756 | D:1      | Found a sparkling altar of Nemelex Xobeh.
  1210 | D:2      | Reached XP level 3. HP: 29/33 MP: 2/2
  1698 | D:2      | Found a hazy altar of Hepliaklqana.
  1812 | D:2      | Found a shattered altar of Ashenzari.
  1951 | D:2      | Reached ** piety under Trog
  1951 | D:2      | Reached XP level 4. HP: 38/40 MP: 3/3
  2203 | D:2      | Noticed Natasha
  2207 | D:2      | Killed Natasha
  3109 | D:3      | Reached XP level 5. HP: 47/47 MP: 4/4
  3164 | D:3      | You fall through a shaft for 3 floors!
  3187 | D:5      | Entered Level 5 of the Dungeon
  3218 | D:3      | Found a burning altar of Makhleb.
  3296 | D:4      | Reached skill level 5 in Fighting
  3496 | D:3      | Reached *** piety under Trog
  3997 | D:4      | Found a snail-covered altar of Cheibriados.
  4163 | D:4      | Found a staircase to the Ecumenical Temple.
  4251 | D:5      | Reached XP level 6. HP: 55/56 MP: 5/5
  4306 | D:5      | Reached skill level 5 in Maces & Flails
  4713 | D:5      | Reached XP level 7. HP: 55/62 MP: 6/6
  4727 | D:5      | Reached skill level 5 in Armour
  4727 | D:5      | Reached skill level 5 in Dodging
  5193 | D:6      | Reached **** piety under Trog
  5343 | D:6      | Reached XP level 8. HP: 71/71 MP: 7/7
  5606 | D:6      | Noticed Sigmund
  5612 | D:6      | Killed Sigmund
  5671 | D:7      | Found Oruy's Antique Weapon Shoppe.
  6432 | D:7      | Noticed Pikel
  6439 | D:7      | Killed Pikel
  6493 | D:7      | Reached XP level 9. HP: 81/81 MP: 8/8
  6738 | D:8      | Noticed Gastronok
  6753 | D:8      | Killed Gastronok
  6779 | D:8      | Noticed Maurice
  7047 | D:8      | Reached XP level 10. HP: 82/91 MP: 9/9
  7059 | D:8      | Killed Maurice
  7243 | D:8      | Reached ***** piety under Trog
  7525 | D:8      | Found an opulent altar of Gozag.
  7542 | D:8      | Reached skill level 1 in Shields
  7860 | D:9      | Noticed Grum
  7931 | D:9      | Killed Grum
  8124 | D:9      | Found a staircase to the Lair.
  8184 | D:9      | Noticed Prince Ribbit
  8189 | D:9      | Killed Prince Ribbit
  8189 | D:9      | Reached skill level 10 in Fighting
  8189 | D:9      | Reached skill level 10 in Maces & Flails
  8324 | D:9      | Found a staircase to the Orcish Mines.
  8361 | D:9      | Received a gift from Trog
  8364 | D:9      | Got a polished great mace {god gift}
  8462 | D:9      | Noticed a two-headed ogre
  8472 | D:9      | Killed a two-headed ogre
  8472 | D:9      | Reached skill level 10 in Armour
  8587 | D:9      | Killed an unseen horror
  8740 | D:10     | Entered Level 10 of the Dungeon
  8742 | D:10     | Noticed a gargoyle
  8751 | D:10     | Killed a gargoyle
  8751 | D:10     | Reached XP level 11. HP: 98/101 MP: 10/10
  8992 | D:10     | Killed an unseen horror
  8992 | D:10     | Reached skill level 5 in Shields
  9105 | D:10     | Reached skill level 10 in Dodging
  9714 | D:10     | Noticed Nergalle
  9734 | D:10     | Killed Nergalle
 10624 | D:10     | Found a roughly hewn altar of Beogh.
 10683 | D:11     | Noticed a two-headed ogre
 10711 | D:11     | Killed a two-headed ogre
 10863 | D:11     | Noticed Sonja
 10904 | D:11     | Killed Sonja
 11074 | D:11     | Reached XP level 12. HP: 99/110 MP: 11/11
 11107 | D:11     | Received a gift from Trog
 11137 | D:11     | Noticed Erolcha
 11138 | D:11     | Cast into level 1 of the Abyss (Erolcha)
 11173 | Abyss:1  | Noticed a starcursed mass
 11205 | Abyss:1  | Killed a starcursed mass
 11213 | Abyss:1  | Killed a starcursed mass
 11457 | Abyss:1  | Noticed a tentacled starspawn
 11474 | Abyss:1  | Killed a tentacled starspawn
 11482 | Abyss:1  | HP: 5/112 [thrashing horror (1)]
 11483 | Abyss:1  | Slain by a thrashing horror

Skill      XL: |  1  2  3  4  5  6  7  8  9 10 11 12 |
---------------+-------------------------------------+-----
Fighting       | 4 5 6 7 9 10 11 12 | 12.0
Maces & Flails | 4 5 6 7 9 10 11 12 | 12.0
Dodging        | 3 4 5 7 8 9 10 11 | 11.2
Armour         | 3 4 6 7 9 10 11 | 11.8
Shields        | 4 6 7 |  7.8

Action                   |  1- 3 |  4- 6 |  7- 9 | 10-12 || total
-------------------------+-------+-------+-------+-------++-------
Melee: Mace              |    59 |    67 |       |       ||   126
       Headbutt          |     5 |    30 |    46 |   152 ||   233
       Whip              |       |    62 |   151 |   193 ||   406
       Flail             |       |       |       |   367 ||   367
Invok: Berserk           |     1 |     1 |     5 |    10 ||    17
       Burn Spellbooks   |       |       |     1 |     3 ||     4
       Trog's Hand       |       |       |       |     4 ||     4
  Use: Scroll            |       |     5 |     1 |     8 ||    14
       Potion            |       |       |       |    17 ||    17
  Eat: Chunk             |     4 |     4 |    10 |    10 ||    28
       Fruit             |       |     1 |       |     5 ||     6
       Bread ration      |       |     1 |       |       ||     1
       Meat ration       |       |       |     1 |     2 ||     3
Armor: Animal skin       |     1 |       |       |       ||     1
       Leather armour    |     7 |     2 |       |       ||     9
       Plate armour      |       |    77 |    49 |   304 ||   430
       Skin              |       |       |       |     6 ||     6
Dodge: Dodged            |    51 |    49 |    25 |   221 ||   346
Block: Buckler           |       |     5 |       |       ||     5
       Shield            |       |     6 |    41 |   420 ||   467
       Reflection        |       |       |       |    16 ||    16
